 Dungeon Crawl Stone Soup version 0.23-a0-582-g1b4a0ca2fb (webtiles) character file.

54889 Knicklaso the Basher (level 14, -8/109 HPs)
             Began as a Black Draconian Conjurer on Dec 16, 2018.
             Was a High Priest of the Shining One.
             Mangled by an orc warrior
             ... wielding a +0 halberd
              (10 damage)
             ... on level 2 of the Orcish Mines.
             The game lasted 01:30:40 (26302 turns).

Knicklaso the Basher (Black Draconian Conjurer)    Turns: 26302, Time: 01:30:41

Health: -8/109     AC: 12    Str: 14    XL:     14   Next: 36%
Magic:  23/23      EV: 17    Int: 21    God:    the Shining One [*****.]
Gold:   2061       SH:  9    Dex: 13    Spells: 17/25 levels left

rFire    . . .     SeeInvis .   u - +5 eveningstar (protect)
rCold    . . .     Gourm    .   v - +0 buckler
rNeg     + + .     Faith    .   (armour unavailable)
rPois    +         Spirit   .   (helmet restricted)
rElec    +         Reflect  +   A - scarf {cloud immunity}
rCorr    .         Harm     .   h - +1 pair of gloves
MR       +....                  S - +1 pair of boots
Stlth    +.........             U - +3 amulet of reflection
HPRegen  0.28/turn              Q - ring of poison resistance
MPRegen  0.18/turn              H - +3 ring of slaying

@: brilliant, flying, hasted, glowing, very quick
A: breathe lightning, unfitting armour, big wings, frail 1, electricity
resistance, evolution 1, cold-blooded, AC +8
a: Breathe Lightning, Fly, Divine Shield, Cleansing Flame, Summon Divine
Warrior, Renounce Religion


You were on level 2 of the Orcish Mines.
You worshipped the Shining One.
The Shining One was extremely pleased with you.
You were hungry.

You visited 3 branches of the dungeon, and saw 19 of its levels.

You collected 2061 gold pieces.

Inventory:

Hand Weapons
 q - a +2 whip of electrocution
 u - a +5 eveningstar of protection (weapon)
 V - a +1 demon whip of venom
Missiles
 w - 6 javelins of penetration (quivered)
Armour
 h - a +1 pair of gloves (worn)
 v - a +0 buckler (worn)
 A - a scarf of cloud immunity (worn)
 J - the +1 shield of Cocicv Loeph {rElec rC- Int+2 Dex+4}
   (You found it on level 1 of the Lair of Beasts)

   It affects your intelligence (+2).
   It affects your dexterity (+4).
   It makes you vulnerable to cold.
   It insulates you from electricity.
 S - a +1 pair of boots (worn)
Jewellery
 s - an uncursed ring of ice
 z - a +3 ring of evasion
 B - an uncursed ring of protection from fire
 H - a +3 ring of slaying (right hand)
 Q - a ring of poison resistance (left hand)
 U - a +3 amulet of reflection (around neck)
Wands
 f - a wand of flame (28)
 g - a wand of paralysis (6)
 j - a wand of enslavement (29)
 o - a wand of polymorph (5)
 p - a wand of digging (2)
 y - a wand of scattershot (3)
 L - a wand of disintegration (15)
Scrolls
 a - a scroll of holy word {unknown}
 c - 3 scrolls of identify
 d - 7 scrolls of enchant armour
 i - a scroll of teleportation
 k - 9 scrolls of remove curse
 r - a scroll of enchant weapon
 x - a scroll of silence {unknown}
 C - 2 scrolls of immolation
 E - a scroll of amnesia {unknown}
 G - 2 scrolls of blinking {unknown}
 I - 3 scrolls of magic mapping
 T - a scroll of fog {unknown}
Potions
 e - 2 potions of curing
 l - 4 potions of mutation
 m - 2 potions of lignification
 n - a potion of ambrosia
 t - 2 potions of brilliance
 D - 2 potions of flight
 K - 3 potions of might
 M - a potion of heal wounds {unknown}
 N - a potion of resistance {unknown}
 O - a potion of haste
Miscellaneous
 F - a lightning rod (1/4)
 R - a sack of spiders
Comestibles
 b - 32 rations
 P - 11 chunks of flesh


   Skills:
 + Level 10.5 Fighting
 - Level 12.0 Maces & Flails
 + Level 9.2 Dodging
 - Level 1.7 Stealth
 * Level 9.9 Shields
 + Level 6.0 Spellcasting
 * Level 9.2 Conjurations
 + Level 10.3 Invocations
 - Level 6.0 Evocations


You had 17 spell levels left.
You knew the following spells:

 Your Spells              Type           Power        Failure   Level  Hunger
a - Magic Dart            Conj           ####         1%          1    None
b - Iskenderun's Mystic   Conj           ######..     1%          4    ####...
c - Dazzling Spray        Conj/Hex       #####.       1%          3    ##.....

Your spell library contained the following spells:

 Spells                   Type           Power        Failure   Level  Hunger
 Corona                   Hex            ###....      1%          1    None
 Sting                    Conj/Pois      ####         1%          1    None
 Corpse Rot               Necr           N/A          1%          2    None
 Ensorcelled Hibernation  Hex/Ice        ###...       1%          2    None
 Poisonous Vapours        Pois/Air       ###...       1%          2    None
 Searing Ray              Conj           ######       1%          2    None
 Mephitic Cloud           Conj/Pois/Air  ####....     1%          3    ##.....
 Stone Arrow              Conj/Erth      #####.       1%          3    ##.....
 Force Lance              Conj/Tloc      #####...     1%          4    ####...
 Fulminant Prism          Conj/Hex       #####.....   1%          4    ####...
 Confuse                  Hex            ###.....     3%          3    ##.....
 Tukima's Dance           Hex            ###.....     3%          3    ##.....
 Iskenderun's Battlesphe  Conj/Chrm      #####...     4%          5    #####..
 Venom Bolt               Conj/Pois      #####.....   4%          5    #####..
 Bolt of Magma            Conj/Fire/Erth ####......   9%          5    #####..
 Leda's Liquefaction      Hex/Erth       ###.......   11%         4    ####...
 Olgreb's Toxic Radiance  Pois           ###.....     11%         4    ####...
 Orb of Destruction       Conj           ######....   19%         7    #######
 Iron Shot                Conj/Erth      #####.....   22%         6    #######
 Summon Forest            Summ/Tloc      ###.......   26%         5    #####..
 Spellforged Servitor     Conj/Summ      #####.....   69%         7    #######
 Hydra Form               Tmut           ###.......   75%         6    #######
 Summon Hydra             Summ           ###.......   99%         7    #######


Dungeon Overview and Level Annotations

Branches:
Dungeon (11/15)            Temple (0/1) D:6            Lair (6/6) D:9
  Swamp (0/4) Lair:2        Snake (0/4) Lair:4        Slime (0/5) Lair:5
    Orc (2/2) D:11            Elf (0/3) Orc:2

Altars:
Ashenzari
Fedhas
Gozag
Hepliaklqana
Kikubaaqudgha
Nemelex Xobeh
Okawaru
Ru
Sif Muna
Trog
Uskayaw
Wu Jian
Xom
Yredelemnul
The Shining One
Beogh

Shops:
D:8 :

Annotations:
D:8 3 runed doors, grizmgrazm2's ghost, novice OgTm
Lair:5 exclusion: 2 oklob plants


Innate Abilities, Weirdness & Mutations

You can breathe wild blasts of lightning.
Your glossy black scales are hard. (AC +8)
You cannot fit into any form of body armour.
Your large and strong wings let you fly indefinitely.
You are resistant to electric shocks. (rElec)
You are cold-blooded and may be slowed by cold attacks.
You are frail. (-10% HP)
You evolve.


Message History

The orc warrior hits you but does no damage.
The orc sorcerer hits you but does no damage.
The chaos spawn gores you but does no damage.
The orange demon stings you from afar!
* * * LOW HITPOINT WARNING * * *
The orc sorcerer hits you but does no damage.
The orc warrior barely misses you. The chaos spawn gores you!
The Shining One protects you from harm!
You feel yourself speed up.
You can move again.
Okay, then.
It was a potion of brilliance.
You feel clever all of a sudden. The orange demon misses you.
The orc sorcerer hits you but does no damage.
It was a potion of flight.
You feel very buoyant.
You fly up into the air.
You block the chaos spawn's attack.
The orc warrior hits you with a +0 halberd!
You die...

##.#####.....[([. ###
#.#..)..[<[[
###.#.()..[[[)
##...)......##)
##.....)..#####<
######>.........####) .
#.#..#...))......#.)[
....#..4.))[)[).)...)#.)[
......)o@[.##...)...<)).^
......4o4o####......)[...
...........# ##..(......(
..ยง.......## ##.[.......
.........## ##.......#
....#....# #........#
....#.#.## #......... ###
##### ####........
###.#.........


You could see an orange demon, an ice devil, a chaos spawn, an orc sorcerer, an
orc warrior and an orc wizard.

Vanquished Creatures
  A sphinx (D:10)
  2 orc warlords
  Fannar (Orc:1)
  A hydra (Lair:4)
  Harold (Lair:2)
  A catoblepas (Lair:4)
  A death yak (D:9)
  3 orc high priests (Orc:2)
  Urug (Lair:4)
  Sonja (D:10)
  A flayed ghost (D:10)
  4 orc knights
  3 orc sorcerers (Orc:2)
  5 elephants
  A manticore (D:11)
  Psyche (D:11)
  3 black mambas
  A gargoyle (D:10)
  12 spiny frogs
  7 rime drakes
  6 komodo dragons
  3 trolls
  3 hornets (Lair:6)
  6 polar bears
  18 blink frogs
  Prince Ribbit (D:7)
  A dream sheep (Lair:6)
  3 hippogriffs
  A vampire (D:10)
  A wraith (D:11)
  13 spriggans (Lair:6)
  A shadow (D:11)
  4 basilisks
  34 yaks
  3 wyverns
  A hungry ghost (D:11)
  3 wargs
  A steam dragon (Lair:6)
  An acid dragon (Lair:6)
  2 nagas (Lair:4)
  11 water moccasins
  3 porcupines
  35 orc warriors
  12 ice beasts
  7 black bears
  2 phantoms
  20 wolves
  8 ogres
  5 boggarts (Lair:6)
  6 centaurs
  13 crocodiles
  3 big kobolds
  15 bullfrogs
  A wyvern skeleton (D:7)
  A scorpion (D:4)
  5 killer bees (D:8)
  5 electric eels
  A howler monkey (D:7)
  3 crimson imps
  5 hounds
  A bullfrog zombie (D:10)
  A quasit (D:11)
  A centaur zombie (D:9)
  2 jellies
  20 orc priests
  31 orc wizards
  A bullfrog skeleton (D:8)
  4 iguanas
  11 worker ants
  2 hound skeletons
  3 gnolls
  7 adders
  3 shadow imps
  An adder zombie (D:9)
  An adder skeleton (D:9)
  5 worms
  4 dart slugs
  3 leopard geckos
  82 orcs
  5 giant cockroaches
  7 hobgoblins
  8 jackals
  2 quokkas
  2 ball pythons (D:3)
  5 bats
  6 frilled lizards
  15 goblins
  23 kobolds
  A quokka skeleton (D:8)
  10 rats
585 creatures vanquished.

Vanquished Creatures (others)
  A water elemental (D:11)
  A bush (Lair:1)
  3 fungi
  A plant (Lair:6)
6 creatures vanquished.

Grand Total: 591 creatures vanquished

Notes
Turn   | Place    | Note
-------+----------+-------------------------------------------
     0 | D:1      | Knicklaso the Draconian Conjurer began the quest for the
                  | Orb.
     0 | D:1      | Reached XP level 1. HP: 14/14 MP: 3/3
   409 | D:1      | Reached XP level 2. HP: 22/22 MP: 3/5
   943 | D:1      | Reached skill level 1 in Fighting
  1226 | D:2      | Reached XP level 3. HP: 28/28 MP: 0/6
  1287 | D:2      | Learned a level 3 spell: Dazzling Spray
  1728 | D:2      | Reached XP level 4. HP: 34/35 MP: 7/7
  1759 | D:2      | Found a glowing golden altar of the Shining One.
  1922 | D:2      | Found an iron altar of Okawaru.
  1945 | D:2      | Found a white marble altar of Elyvilon.
  1945 | D:2      | Found a shimmering altar of Xom.
  2003 | D:2      | Found a sacrificial altar of Ru.
  2003 | D:2      | Found a bloodstained altar of Trog.
  2003 | D:2      | Found a basalt altar of Yredelemnul.
  2137 | D:2      | Became a worshipper of the Shining One
  2521 | D:3      | Found a faded altar of an unknown god.
  2624 | D:3      | Reached skill level 5 in Conjurations
  2624 | D:3      | Reached XP level 5. HP: 19/41 MP: 3/9
  2730 | D:3      | Reached skill level 1 in Invocations
  3608 | D:3      | Learned a level 4 spell: Iskenderun's Mystic Blast
  3958 | D:4      | Found a hazy altar of Hepliaklqana.
  3968 | D:4      | Reached skill level 1 in Maces & Flails
  3968 | D:4      | Reached XP level 6. HP: 40/50 MP: 10/10
  4837 | D:4      | Found a sacrificial altar of Ru.
  4839 | D:4      | Found an iron altar of Okawaru.
  4846 | D:4      | Found an ornate altar of the Wu Jian Council.
  4856 | D:4      | Found a blossoming altar of Fedhas.
  5213 | D:5      | Entered Level 5 of the Dungeon
  5452 | D:5      | Reached skill level 2 in Maces & Flails
  5452 | D:5      | Your scales start taking on a glossy black colour.
  5452 | D:5      | Reached XP level 7. HP: 50/56 MP: 11/11
  5452 | D:5      | Gained mutation: You are resistant to electric shocks.
                  | (rElec) [Black Draconian growth]
  5792 | D:5      | Reached skill level 1 in Shields
  5882 | D:5      | Found a sparkling altar of Nemelex Xobeh.
  5882 | D:5      | Found a deep blue altar of Sif Muna.
  5883 | D:5      | Found a bloodstained altar of Trog.
  5884 | D:5      | Found a shattered altar of Ashenzari.
  5885 | D:5      | Found an opulent altar of Gozag.
  5887 | D:5      | Found a basalt altar of Yredelemnul.
  6143 | D:6      | Found a staircase to the Ecumenical Temple.
  6782 | D:6      | Reached skill level 3 in Maces & Flails
  6796 | D:6      | Reached XP level 8. HP: 40/63 MP: 2/13
  7174 | D:6      | Found a shattered altar of Ashenzari.
  7177 | D:6      | Reached * piety under the Shining One
  7251 | D:6      | Reached skill level 4 in Maces & Flails
  8100 | D:7      | Reached skill level 5 in Maces & Flails
  8143 | D:7      | Noticed Prince Ribbit
  8153 | D:7      | Killed Prince Ribbit
  8153 | D:7      | Reached XP level 9. HP: 50/72 MP: 15/15
  8306 | D:7      | Reached skill level 5 in Fighting
  8418 | D:7      | Reached skill level 6 in Maces & Flails
  8633 | D:7      | Found a hazy altar of Hepliaklqana.
  8634 | D:7      | Found a hide-covered altar of Uskayaw.
  8752 | D:8      | Reached ** piety under the Shining One
  8764 | D:8      | Reached skill level 5 in Invocations
  8766 | D:8      | Reached skill level 5 in Dodging
  8975 | D:8      | Found Warch's Book Shoppe.
  9295 | D:8      | Found a runed gate.
  9295 | D:8      | Found a runed gate.
  9295 | D:8      | Found a runed gate.
  9303 | D:8      | Noticed grizmgrazm2's ghost (novice OgTm)
  9621 | D:8      | Reached skill level 7 in Maces & Flails
  9891 | D:9      | Found a staircase to the Lair.
  9891 | D:9      | Noticed a death yak
  9947 | D:9      | Reached XP level 10. HP: 71/83 MP: 16/16
 10194 | D:9      | Reached skill level 1 in Evocations
 10693 | D:8      | Reached skill level 8 in Maces & Flails
 10866 | D:9      | Reached *** piety under the Shining One
 10969 | D:9      | Killed a death yak
 11362 | Lair:1   | Entered Level 1 of the Lair of Beasts
 11632 | Lair:1   | Reached skill level 9 in Maces & Flails
 11668 | Lair:1   | HP: 4/86 [yak (18)]
 11730 | Lair:1   | Found a frozen archway.
 12048 | D:9      | Reached XP level 11. HP: 81/92 MP: 17/17
 12564 | Lair:1   | Got a brightly glowing shield
 12565 | Lair:1   | Identified the +1 shield of Cocicv Loeph {rElec rC- Int+2
                  | Dex+4} (You found it on level 1 of the Lair of Beasts)
 13514 | Lair:2   | Found a staircase to the Swamp.
 13923 | Lair:2   | Reached skill level 10 in Maces & Flails
 14121 | Lair:2   | Noticed Harold
 14195 | Lair:2   | Killed Harold
 15074 | Lair:3   | Reached skill level 5 in Shields
 15127 | Lair:3   | Reached skill level 5 in Evocations
 15356 | Lair:3   | Found an ancient bone altar of Kikubaaqudgha.
 15457 | Lair:3   | HP: 1/95 [blink frog (17)]
 15968 | Lair:3   | Reached XP level 12. HP: 88/103 MP: 18/18
 16288 | Lair:4   | Found a staircase to the Snake Pit.
 16647 | Lair:4   | Noticed Urug
 17201 | Lair:4   | Noticed a catoblepas
 17216 | Lair:4   | Killed a catoblepas
 17216 | Lair:4   | Reached skill level 11 in Maces & Flails
 17488 | Lair:4   | Killed Urug
 17585 | Lair:4   | Noticed a seven-headed hydra
 17592 | Lair:4   | Killed a seven-headed hydra
 18298 | Lair:5   | Found a staircase to the Slime Pits.
 18689 | Lair:6   | Entered Level 6 of the Lair of Beasts
 19409 | Lair:6   | Reached XP level 13. HP: 100/111 MP: 19/19
 19604 | Lair:6   | Reached **** piety under the Shining One
 20514 | Lair:6   | Reached skill level 12 in Maces & Flails
 20822 | D:10     | Entered Level 10 of the Dungeon
 21077 | D:10     | Reached skill level 5 in Spellcasting
 21106 | D:10     | Found a runed door.
 21112 | D:10     | Noticed an orc warlord
 21123 | D:10     | Killed an orc warlord
 21145 | D:10     | Noticed a sphinx
 21165 | D:10     | Killed a sphinx
 21165 | D:10     | Reached skill level 10 in Fighting
 21181 | D:10     | HP: 2/113 [flayed ghost (19)]
 21564 | D:10     | Got an encrusted glaive
 21592 | D:10     | Noticed Sonja
 21601 | D:10     | Killed Sonja
 22109 | D:11     | Reached ***** piety under the Shining One
 22111 | D:11     | Found a staircase to the Orcish Mines.
 22115 | D:11     | Noticed Psyche
 22163 | D:11     | Killed Psyche
 22998 | Orc:1    | Entered Level 1 of the Orcish Mines
 23006 | Orc:1    | Reached skill level 10 in Invocations
 23087 | Orc:1    | Found a roughly hewn altar of Beogh.
 23091 | Orc:1    | Noticed Fannar
 23109 | Orc:1    | Killed Fannar
 23319 | Orc:2    | Entered Level 2 of the Orcish Mines
 23322 | Orc:2    | Gained mutation: Your large and strong wings let you fly
                  | indefinitely. [Black Draconian growth]
 23322 | Orc:2    | Reached XP level 14. HP: 117/121 MP: 22/22
 23741 | Orc:2    | Found a staircase to the Elven Halls.
 23754 | Orc:2    | Found a roughly hewn altar of Beogh.
 23923 | Orc:2    | Gained mutation: You evolve. [a neqoxec]
 23924 | Orc:2    | Gained mutation: You have a pair of small horns on your
                  | head. [a neqoxec]
 23945 | Orc:1    | HP: 4/121 [orc warrior/+0 glaive (3)]
 23948 | Orc:1    | The Shining One protects you from harm!
 24093 | Orc:1    | Lost mutation: You have a pair of small horns on your head.
                  | [evolution]
 25304 | Orc:2    | Noticed an orc warlord
 25320 | Orc:2    | HP: 6/122 [orc warlord/+1 great sword (29)]
 25733 | Orc:1    | Killed an orc warlord
 25888 | Orc:2    | Gained mutation: You are frail. (-10% HP) [a neqoxec]
 26293 | Orc:2    | Paralysed by an orc sorcerer for 7 turns
 26300 | Orc:2    | HP: 1/109 [orange demon[an orc sorcerer] (9)]
 26300 | Orc:2    | The Shining One protects you from harm!
 26302 | Orc:2    | Mangled by an orc warrior

Vault maps used:
D:1:      lemuel_arrival_rhombus
D:2:      nicolae_tso_carved_into_rock, first_ration, doesnt_xom_only_xom
D:3:      chequers_ecumenical_altar_simple_redux
D:4:      grunt_temple_overflow_open, lemuel_tele_altar
D:5:      minitemple, grunt_ministairs_9
D:6:      minmay_temple_entry_purple_smoke, cheibrodos_ashenzari_chains
D:7:      gammafunk_temple_overflow_statue, enter_bailey_3, uniq_prince_ribbit1
D:8:      gammafunk_ghost_necromancy, serial_shops, kennysheep_mini_moat,
          blue_anna_alchemist
D:9:      david_lair_generic
D:10:     minivault_13, uniq_sonja
D:11:     david_orc_3, dk_noncrumbling_3, uniq_psyche
Lair:1:   portal_ice_cave_entry_ice_beasts
Lair:2:   swamp_mist, st_stairs_12, grunt_megastairs_2, serial_bayou_shore_b,
          uniq_harold
Lair:3:   basic_altar, nicolae_quartered_pool_super
Lair:4:   guppyfry_snake_entry_garden, uniq_urug
Lair:5:   minmay_slime_entry_oklob_open, infiniplex_staircase_pool_2
Lair:6:   minmay_lair_end_enchanted_forest, guppyfry_lair_drakes
Orc:1:    basic_altar, uniq_fannar
Orc:2:    st_orc_congregation, basic_altar

Skill      XL: |  1  2  3  4  5  6  7  8  9 10 11 12 13 14 |
---------------+-------------------------------------------+-----
Dodging        | 2 3 4 5 6 7 8 9 |  9.2
Fighting       | 1 2 3 4 6 7 8 9 10 | 10.5
Conjurations   | 5 6 8 9 |  9.2
Invocations    | 1 2 4 5 7 8 9 10 | 10.3
Spellcasting   | 3 4 5 6 |  6.0
Maces & Flails | 1 2 3 5 7 9 10 11 12 | 12.0
Shields        | 2 4 5 7 9 |  9.9
Evocations     | 3 5 6 |  6.0
Stealth        | |  1.7

Action                   |  1- 3 |  4- 6 |  7- 9 | 10-12 | 13-15 || total
-------------------------+-------+-------+-------+-------+-------++-------
Melee: Unarmed           |    28 |       |       |       |       ||    28
       Tailslap          |     6 |    20 |    44 |   101 |    83 ||   254
       Spear             |    44 |    97 |       |       |       ||   141
       Whip              |       |    67 |   357 |   557 |       ||   981
       Eveningstar       |       |       |       |   149 |   733 ||   882
       Headbutt          |       |       |       |       |     1 ||     1
 Cast: Magic Dart        |    68 |    92 |    35 |    24 |     2 ||   221
       Dazzling Spray    |     1 |       |       |       |       ||     1
       Iskenderun's Myst |       |     1 |     6 |     3 |       ||    10
Invok: Divine Shield     |       |       |       |     1 |     2 ||     3
Evoke: Lightning rod     |       |       |       |     8 |     8 ||    16
       Wand              |       |       |       |     5 |    10 ||    15
       Sack of spiders   |       |       |       |     3 |     1 ||     4
  Use: Scroll            |       |       |     8 |    12 |     3 ||    23
       Potion            |       |       |       |     7 |    12 ||    19
 Stab: Sleeping          |     1 |       |       |       |       ||     1
  Eat: Chunk             |     4 |     8 |    13 |    17 |    19 ||    61
       Ration            |       |     1 |     1 |     4 |     1 ||     7
Armor: Skin              |    22 |    40 |    58 |   112 |   198 ||   430
Dodge: Dodged            |    35 |    87 |   194 |   368 |   484 ||  1168
Block: Buckler           |       |       |    70 |   210 |   393 ||   673
       Reflection        |       |       |     8 |     4 |     8 ||    20

Table legend:
 A = Non-vault XP
 B = Vault XP
 C = Vault XP percentage of total XP
 D = Non-vault monster count
 E = Vault monster count
 F = Vault count percentage of total count
                 A         B        C        D         E       F
            +---------+---------+-------+---------+---------+-------
      Total |   45534 |   32880 |  41.9 |     429 |     157 |  26.8
            +---------+---------+-------+---------+---------+-------
        D:1 |      32 |       0 |   0.0 |      22 |       0 |   0.0
        D:2 |     110 |       0 |   0.0 |      34 |       0 |   0.0
        D:3 |     166 |       0 |   0.0 |      23 |       0 |   0.0
        D:4 |     281 |       0 |   0.0 |      15 |       0 |   0.0
        D:5 |     344 |     112 |  24.6 |      15 |       1 |   6.2
        D:6 |    1227 |       0 |   0.0 |      26 |       0 |   0.0
        D:7 |    1188 |     261 |  18.0 |      27 |       5 |  15.6
        D:8 |    1480 |      95 |   6.0 |      26 |       1 |   3.7
        D:9 |    3028 |    2213 |  42.2 |      42 |      10 |  19.2
       D:10 |    5081 |    6723 |  57.0 |      31 |      11 |  26.2
       D:11 |    2172 |     548 |  20.1 |      21 |       6 |  22.2
     Lair:1 |    3408 |     256 |   7.0 |      18 |       2 |  10.0
     Lair:2 |    2256 |    2331 |  50.8 |      10 |       5 |  33.3
     Lair:3 |    3961 |       0 |   0.0 |      15 |       0 |   0.0
     Lair:4 |    5714 |    1138 |  16.6 |      14 |       3 |  17.6
     Lair:5 |    2376 |       0 |   0.0 |      13 |       0 |   0.0
     Lair:6 |    7858 |    8412 |  51.7 |      29 |      45 |  60.8
      Orc:1 |     646 |    3956 |  86.0 |      11 |      10 |  47.6
      Orc:2 |    4206 |    6835 |  61.9 |      37 |      58 |  61.1
            +---------+---------+-------+---------+---------+-------
